[Event "Late-Titled-Tuesday-Blitz-February-13-2024"]
[Site "Chess.com"]
[Date "2024.02.13"]
[Round "5"]
[White "bazar-wokzal"]
[Black "a_kandil"]
[Result "1-0"]
[WhiteElo "2646"]
[BlackElo "2482"]
[TimeControl "180+1"]
[EndTime "14:57:06 PST"]
[Termination "bazar-wokzal won by resignation"]

1. e4 c5 2. c3 d5 3. exd5 Qxd5 4. d4 Nc6 5. Nf3 Bf5 6. Na3 Nf6 7. Bc4 Qd8 8. Qb3 e6 9. Qxb7 Rc8 10. Bb5 Qd7 11. Qxd7+ Nxd7 12. O-O cxd4 13. Bxc6 Rxc6 14.
Nxd4 Rc5 15. Be3 Be7 16. Ndb5 Rc6 17. Nxa7 Ra6 18. N3b5 O-O 19. a4 Nc5 20. Rfd1 Bc2 21. Bxc5 Bxc5 22. Rd7 Bxa4 23. b4 Bxb4 24. cxb4 Bxb5 25.
Rxa6 Bxd7 26. f4 f6 27. Rd6 Rf7 28. b5 Kf8 29. b6 Ke7 30. b7 Rf8 31. Nc8+ Rxc8 32.
bxc8=Q Bxc8 33. Rb6 Bd7 34. Kf2 Kd8 35. Ke3 Kc7 36.
Rb2 Bc6 37. g3 Kd6 38. Kd4 e5+ 39. fxe5+ fxe5+ 40. Ke3 Ke7 41. Rb6 Kd7 42. Ra6 Kc7 43. Ra7+ Bb7 44. h4 g6 45. g4 Kb6 46. Ra1 Kc5 47. Rb1 Bd5 48. Rb8 h5 49. g5 Be6 50.
Rf8 Bf5 51. Rxf5 gxf5 52. g6 Kd5 53. g7 f4+ 54. Kf3 Kd4 55. g8=Q e4+ 56. Kxf4 e3 57. Qd8+ Kc3 58. Kxe3 Kc4 59. Qc7+ Kb5 60. Kf4 Ka6 61.
Kg5 1-0

[Event "Late-Titled-Tuesday-Blitz-February-13-2024"]
[Site "Chess.com"]
[Date "2024.02.13"]
[Round "5"]
[White "Willhaven3"]
[Black "Bugcrusher"]
[Result "1/2-1/2"]
[WhiteElo "2623"]
[BlackElo "2474"]
[TimeControl "180+1"]
[EndTime "14:57:17 PST"]
[Termination "Game drawn - insufficient material"]

1. d4 e6 2. Nf3 Nf6 3. c4 Nc6 4. a3 d6 5. Nc3 g6 6. e4 Bg7 7. Bg5 O-O 8. h3 h6 9. Bh4 g5 10. Bg3 Re8 11. Be2 e5 12. d5 Nd4 13. O-O c5 14. dxc6 Nxe2+ 15. Qxe2 bxc6 16. Rfd1 Qe7 17. c5 dxc5 18. Nxe5 Bb7 19. Qc4 Rad8 20. Rxd8 Rxd8 21. Nf3 Nh5 22. Bh2 Bc8 23. Re1 Be6 24. Qa4 Qb7 25.
Qa5 Rc8 26. Be5 Bf8 27. Na4 Qb5 28. Qxa7 Nf4 29. Nc3 Qc4 30. Qb7 Nd3 31. Re3 Nxe5 32. Nxe5 Qd4 33. Nf3 Qd7 34. Qxd7 Bxd7 35. Ne5 Be6 36. Na4 Bd6 37. Ng4 Kg7 38. Rd3 Be7 39. Rc3 c4 40. Nb6 Rb8 41. Nxc4 Bxc4 42. Rxc4 Rxb2 43.
a4 Ra2 44. g3 c5 45. Ne3 Kg6 46. Nf5 Bf6 47. Rxc5 Rxa4 48. f3 Ra2 49. Rc6 h5 50. e5 Ra1+ 51. Kg2 Ra2+ 52. Kf1 Ra1+ 53. Ke2 Ra2+ 54. Kd1 Ra1+ 55. Kc2 Kxf5 56. Rxf6+ Kxe5 57. Rxf7 Rh1 58. f4+ gxf4 59. gxf4+ Ke6 60. Rf8 Rxh3 61. Kd2 Rf3 62. Ke2 Ke7 63. Kxf3 Kxf8 64. Kg3 Kg7 65. Kh4 Kg6 66. f5+ Kxf5 67. Kxh5 1/2-1/2

[Event "Late-Titled-Tuesday-Blitz-February-13-2024"]
[Site "Chess.com"]
[Date "2024.02.13"]
[Round "5"]
[White "HansOnTwitch"]
[Black "AryanTari"]
[Result "1/2-1/2"]
[WhiteElo "3149"]
[BlackElo "2940"]
[TimeControl "180+1"]
[EndTime "14:57:30 PST"]
[Termination "Game drawn by repetition"]

1. e4 e5 2. Nf3 Nc6 3. Bc4 Nf6 4. d3 Bc5 5. O-O d6 6. Re1 a5 7. c3 O-O 8. h3 h6 9. Nbd2 Be6 10. Bb5 Bb6 11. Nc4 Bc5 12. Ncd2 Bb6 13. Nf1 Ne7 14. d4 exd4 15. cxd4 d5 16. e5 Ne4 17. Ng3 Nxg3 18. fxg3 c6 19. Bd3 Nf5 20. Bxf5 Bxf5 21. Be3 Be4 22.
Nd2 Bg6 23. Bf2 a4 24. a3 Qd7 25. Qe2 Rae8 26. g4 Ba5 27. Rf1 f6 28. Nf3 Be4 29. exf6 Bxf3 30. Qxf3 Rxf6 31. Qd3 Bc7 32. Kh1 Qd6 33. Bg1 Rxf1 34. Rxf1 b5 35. Qc2 Rf8 36. Re1 Rf6 37. Qe2 Qd7 38. Bh2 Bxh2 39. Kxh2 Rf4 40.
Qe5 Rf2 41. Qb8+ Rf8 42. Qg3 Qd8 43. Re6 Rf6 44. Re5 Qf8 45. g5 hxg5 46. Rxg5 Re6 47. Re5 Qf6 48. Rxe6 Qxe6 49. Qf3 Qd6+ 50. Kg1 Qg6 51. Qc3 Qf6 52. g3 g5 53. Kg2 Kg7 54. Qe3 Qf5 55. Qe7+ Kh6 56. Qe2 Kg7 57. Qd2 Qe4+ 58.
Kf2 Kf6 59. Qe3 Qc2+ 60. Qe2 Qc1 61. Qf3+ Kg6 62. Qd3+ Kf6 63. Qc3 Qh1 64. Qxc6+ Kf5 65. Qd7+ Ke4 66. Qe6+ Kd3 67. Qe3+ Kc2 68. Qe2+ Kb3 69.
Qxb5+ Ka2 70. Qf1 Qe4 71. Qd1 Qf5+ 72. Kg2 Kxb2 73. Qxa4 Qe4+ 74. Kf2 Qf5+ 75. Ke3 Qe4+ 76. Kf2 Qf5+ 77. Kg1 Qb1+ 78. Kg2 Qe4+ 79. Kf2 1/2-1/2

[Event "Late-Titled-Tuesday-Blitz-February-13-2024"]
[Site "Chess.com"]
[Date "2024.02.13"]
[Round "5"]
[White "Hrant_ChessMood"]
[Black "ChessSkool"]
[Result "1-0"]
[WhiteElo "2950"]
[BlackElo "2715"]
[TimeControl "180+1"]
[EndTime "14:57:34 PST"]
[Termination "Hrant_ChessMood won on time"]

1. Nf3 d5 2. e3 Nf6 3. c4 e6 4. Nc3 a6 5. b3 b6 6. Bb2 Bb7 7. g3 Nbd7 8. cxd5 exd5 9. Bg2 Bd6 10.
O-O O-O 11. Ne2 Re8 12. Qc2 a5 13. Nf4 Nc5 14. Nd4 Bxf4 15. exf4 Ba6 16. Rfe1 Rxe1+ 17. Rxe1 Nd3 18. Re3 Nxb2 19. Qxb2 Qd7 20. Re5 Bb7 21. Nf5 Re8 22. Bh3 Qd8 23. Bg2 Bc8 24. Nd4 c5 25. Nc6 Qd6 26. Bxd5 Bd7 27. Rxe8+ Bxe8 28. Bxf7+ Bxf7 29. Ne5 Bd5 30. d4 Bb7 31. Qe2 Qxd4 32. Nd3 Qd5 33. f3 h5 34. Ne5 Qd4+ 35. Kg2 Qd5 36. Qc2 Qd4 37. Qf5 Qd2+ 38. Kh3 Qd5 39. Kg2 Qd2+ 40.
Kh3 Qd8 41. Qg6 Bc8+ 42. g4 Qe8 43. Kg3 Qxg6 44. Nxg6 Kf7 45. Ne5+ Ke6 46. h3 hxg4 47. fxg4 Nd5 48. Nc4 Ba6 49. f5+ Ke7 50. Ne5 Kd6 51. Nf7+ Ke7 52. Ng5 Bc8 53. Ne4 Nb4 54. a3 Nd3 55. h4 Bb7 56. Nc3 Nc1 57. Na4 Nxb3 58. Nxb6 Ba6 59. Kf4 c4 60. h5 c3 61. Nd5+ Kd6 62.
Nxc3 Nc5 63. Kg5 Nd7 64. Ne4+ Ke7 65. Kf4 Bb7 66. Nc3 Bc6 67. g5 Kf7 68. Ne2 Nc5 69.
Nd4 Bd7 70. Ke5 Nd3+ 71. Kd6 Bc8 72. h6 gxh6 73. gxh6 Ne1 74. Ne6 Nf3 75. h7 1-0

[Event "Late-Titled-Tuesday-Blitz-February-13-2024"]
[Site "Chess.com"]
[Date "2024.02.13"]
[Round "5"]
[White "mr_gustavo"]
[Black "TheAlienParty"]
[Result "1-0"]
[WhiteElo "2728"]
[BlackElo "2409"]
[TimeControl "180+1"]
[EndTime "14:57:39 PST"]
[Termination "mr_gustavo won by checkmate"]

1. c4 e5 2. Nc3 Nf6 3. Nf3 Nc6 4. d3 h6 5. g3 Bb4 6. Bd2 a5 7. Bg2 O-O 8. O-O Re8 9. Nd5 Bf8 10.
Rc1 Nd4 11. Nxd4 exd4 12. e3 dxe3 13. Bxe3 Nxd5 14. Bxd5 Qf6 15. Qd2 d6 16. Rfe1 Bh3 17.
b3 c6 18. Bg2 Bxg2 19. Kxg2 a4 20. b4 a3 21. Qc2 Qf5 22. Bd4 Re6 23. Rxe6 fxe6 24.
Re1 e5 25. Bc3 Be7 26. Qe2 Bf6 27. Qe4 Qxe4+ 28. dxe4 Kf7 29. f3 Ke6 30. Rc1 Ra4 31. Kf2 Be7 32. Ke3 Bg5+ 33. f4 exf4+ 34. gxf4 Bf6 35.
Bd2 Bb2 36. Rg1 c5 37. bxc5 dxc5 38. Kd3 Ra6 39. e5 Kf7 40. Ke4 Ra8 41. f5 Rd8 42. Be3 Bd4 43. Rd1 g6 44. fxg6+ Kxg6 45. Bxd4 cxd4 46.
Rxd4 Rf8 47. Rd3 Rf2 48. Rg3+ Kf7 49. Rxa3 Rxh2 50. Rb3 Rxa2 51. Rxb7+ Kg6 52. Rb6+ Kg5 53. Kd5 h5 54. Rf6 h4 55. Rf1 h3 56. e6 Re2 57.
Kd6 Rd2+ 58. Kc6 h2 59. e7 Re2 60. Kd7 Rd2+ 61. Ke8 Kg4 62. Kf8 Rf2+ 63. Rxf2 h1=Q 64. e8=Q Qh6+ 65. Ke7 Qe3+ 66. Kd7 Qxf2 67. Qe6+ Kh5 68. Qd5+ Kg6 69. c5 Qh2 70. c6 Qh3+ 71. Kc7 Qg3+ 72. Qd6+ Qxd6+ 73. Kxd6 Kf5 74. c7 Ke4 75. c8=Q Kd3 76.
Qe6 Kd4 77. Qe5+ Kc4 78. Qe4+ Kb3 79. Kd5 Kc3 80. Qc4+ Kd2 81. Ke4 Ke1 82. Qa2 Kd1 83.
Kd3 Kc1 84. Qc2# 1-0

[Event "Late-Titled-Tuesday-Blitz-February-13-2024"]
[Site "Chess.com"]
[Date "2024.02.13"]
[Round "5"]
[White "ChadBiryani"]
[Black "GM4life"]
[Result "0-1"]
[WhiteElo "2458"]
[BlackElo "2549"]
[TimeControl "180+1"]
[EndTime "14:58:10 PST"]
[Termination "GM4life won by checkmate"]

1. Nf3 Nf6 2. g3 b6 3. Bg2 Bb7 4. c4 g6 5. d4 Bg7 6. O-O O-O 7.
Nc3 Ne4 8. Qc2 f5 9. Ng5 Nc6 10. Ngxe4 Nxd4 11. Qd1 fxe4 12. Nxe4 Bc6 13. Bd2 Qc8 14.
Bc3 e5 15. e3 Ne6 16. Qc2 Qb7 17. Rfd1 d6 18. b4 a6 19. a4 b5 20. cxb5 axb5 21.
a5 Ra6 22. f4 Kh8 23. Rf1 exf4 24. exf4 Raa8 25. Bxg7+ Nxg7 26. Nxd6 Qa7+ 27. Qc5 Bxg2 28. Kxg2 cxd6 29. Qxd6 Rad8 30. Qc6 Rd2+ 31. Kh1 Qd4 32. a6 Qb2 33. a7 Rxh2+ 34. Kg1 Rh5 35. Qg2 Qxg2+ 36.
Kxg2 Ra8 37. Rfc1 Rf5 38. Rc7 Rff8 39. Rb7 Nf5 40. Rxb5 Ne3+ 41. Kf3 Nc2 42. Rd1 Rxa7 43.
Rc5 Nxb4 44. Kg4 Raf7 45. Rb5 Nc6 46. Rd6 Ne7 47. Re5 Nf5 48. Rdd5 Kg7 49. Re6 Rf6 50. Rd7+ R8f7 51. Rxf7+ Kxf7 52. Re1 Nd4 53. Re4 Ne6 54.
Ra4 h5+ 55. Kf3 Kg7 56. Ra7+ Rf7 57. Ra6 Nd4+ 58. Ke4 Nf5 59. Kf3 Rd7 60. Ra3 Rb7 61. g4 hxg4+ 62. Kxg4 Kf6 63. Ra6+ Kf7 64. Kg5 Ne7 65.
Rf6+ Kg7 66. Re6 Rb5+ 67. Kg4 Kf7 68. Re1 Nf5 69. Ra1 Rb3 70. Ra7+ Ke6 71. Ra3 Rb4 72.
Ra6+ Nd6 73. Ra8 Rb3 74. Rg8 Kf7 75. Ra8 Nf5 76. Ra3 Rb4 77. Ra7+ Ne7 78. Ra6 Rb5 79. Ra4 Rf5 80. Ra7 Rf6 81. Ra5 Nf5 82. Ra7+ Kg8 83. Ra8+ Kg7 84. Ra7+ Kh6 85. Ra8 Rc6 86. Rh8+ Kg7 87.
Ra8 Rc2 88. Ra3 Rg2+ 89. Kh3 Rf2 90. Kg4 Rf1 91. Ra7+ Kh6 92. Ra3 Rg1+ 93. Kh3 Kh5 94.
Ra6 Rg3+ 95. Kh2 Rf3 96. Ra4 Kg4 97. Ra6 Nh4 98. Ra5 Rxf4 99. Ra3 Rf2+ 100. Kg1 Rc2 101. Ra4+ Kg3 102. Ra3+ Nf3+ 103. Kf1 Rf2# 0-1

[Event "Late-Titled-Tuesday-Blitz-February-13-2024"]
[Site "Chess.com"]
[Date "2024.02.13"]
[Round "5"]
[White "GoltsevDmitry2000"]
[Black "Hikaru"]
[Result "1/2-1/2"]
[WhiteElo "2783"]
[BlackElo "3312"]
[TimeControl "180+1"]
[EndTime "14:58:40 PST"]
[Termination "Game drawn by 50-move rule"]

1. e4 d5 2. exd5 Qxd5 3. Nf3 Bg4 4. Be2 e6 5. h3 Bh5 6. Nc3 Qd8 7. d4 c6 8. Bf4 Bd6 9. Bxd6 Qxd6 10. Ne4 Qc7 11. Ne5 Bg6 12. Nxg6 hxg6 13. c3 Nd7 14. Qb3 O-O-O 15.
a4 Ngf6 16. Ng5 Rhf8 17. a5 Nd5 18. a6 b6 19. Bf3 f6 20. Ne4 e5 21. O-O Rde8 22.
c4 Nf4 23. c5 Kb8 24. Nd6 Re7 25. Rfc1 Ne6 26. cxb6 Qxb6 27. Qa3 Nxd4 28. Nc8 Rxc8 29. Qxe7 Qd8 30. Qxg7 g5 31. Ra3 Rc7 32. Rac3 Qc8 33. Qe7 Qf8 34. Qxf8+ Nxf8 35. Kf1 Re7 36. Bxc6 Kc7 37.
Bb7+ Kd6 38. Rc8 Nfe6 39. Ra8 Nb5 40. Rc6+ Kd7 41. b4 g4 42. hxg4 Rh7 43. g3 e4 44.
Kg2 Rg7 45. Rc1 Nec7 46. Rc6 Nxa8 47. Bxa8 Nd6 48. Rc5 Rxg4 49. b5 Rg8 50. Bc6+ Ke7 51. Rc2 Rb8 52. Re2 f5 53. f3 Kf6 54. fxe4 fxe4 55. Bxe4 Rxb5 56. Bc6 Rb3 57. Bd5 Rb6 58. Bb7 Nf5 59. Rf2 Kg5 60. g4 Ne3+ 61. Kf3 Rb3 62.
Re2 Nxg4+ 63. Ke4 Kf6 64. Kd5 Ne3+ 65. Kc5 Ke5 66. Rd2 Rc3+ 67. Kb4 Rc7 68. Rd8 Nc2+ 69. Kb3 Nd4+ 70. Kb4 Nc2+ 71. Kb3 Nd4+ 72. Kb4 Ne6 73.
Ra8 Rc1 74. Rxa7 Rb1+ 75. Kc3 Nc7 76. Kc2 Rb6 77. Bc8 Kd6 78. Rb7 Rc6+ 79. Kd2 Nxa6 80. Rb3 Rxc8 81. Rb6+ Kc5 82. Rxa6 Rg8 83. Kc3 Rg3+ 84.
Kd2 Kb5 85. Re6 Kc4 86. Re3 Rg2+ 87. Re2 Rg7 88. Re3 Kd4 89. Rd3+ Kc4 90. Rc3+ Kb4 91.
Rd3 Rg2+ 92. Ke3 Kc5 93. Rd2 Rg3+ 94. Kf4 Rg7 95. Re2 Rf7+ 96. Kg5 Kd4 97. Kg6 Ra7 98. Re6 Kd5 99. Re1 Ra2 100. Kf5 Rg2 101. Kf4 Kc4 102. Kf3 Rg7 103. Re4+ Kd3 104. Re3+ Kd2 105. Re8 Kd1 106. Rd8+ Ke1 107. Re8+ Kf1 108. Ra8 Rf7+ 109. Ke3 Re7+ 110. Kf3 Ke1 111. Ra1+ Kd2 112. Ra2+ Kd3 113. Ra3+ Kc4 114. Ra4+ Kd5 115. Ra5+ Kd4 116. Ra4+ Kc3 117. Ra3+ Kb4 118. Re3 Rf7+ 119. Ke2 Rh7 120. Rf3 Kc4 121. Rf4+ Kc3 122. Rf3+ Kc2 123. Rf4 Re7+ 124. Kf3 Kd3 125. Rf8 Rd7 126. Rf5 Rd4 127. Rf4 Rd6 128. Rf5 Kd4 129. Rf8 Ke5 130. Re8+ Kf5 131. Ra8 Rd3+ 132. Ke2 1/2-1/2

[Event "Late-Titled-Tuesday-Blitz-February-13-2024"]
[Site "Chess.com"]
[Date "2024.02.13"]
[Round "5"]
[White "ViIIagra"]
[Black "KarolKacprzak"]
[Result "1/2-1/2"]
[WhiteElo "2955"]
[BlackElo "2729"]
[TimeControl "180+1"]
[EndTime "14:59:29 PST"]
[Termination "Game drawn by 50-move rule"]

1. g3 d5 2. Bg2 Nf6 3. f4 g6 4.
Nf3 Bg7 5. O-O O-O 6. d3 Nc6 7. Nc3 Re8 8. e4 dxe4 9. dxe4 Qxd1 10. Rxd1 e5 11. Nb5 Nxe4 12. Nxc7 Bg4 13. Nxa8 Rxa8 14.
Re1 Nd6 15. fxe5 Nc4 16. c3 N6xe5 17. Nxe5 Nxe5 18. h3 Nf3+ 19. Bxf3 Bxf3 20. Kf2 Bc6 21. Be3 h5 22. Rad1 a5 23. h4 a4 24. Bg5 Ra5 25. Rd8+ Kh7 26. a3 Rf5+ 27. Kg1 Rf3 28. Re3 Rf5 29.
Bf4 Bh6 30. Bxh6 Kxh6 31. Rd4 Kg7 32. Rf4 Rb5 33. Rf2 Rb6 34. Kf1 Bd5 35. Ke1 Be6 36. Kd2 Bf5 37. Kc1 Rd6 38. Rf4 b5 39. Rd4 Rb6 40. Re5 Be6 41. Kd2 Bc4 42. Ke3 Rf6 43. Rd2 Rf1 44. Kd4 Rf3 45. Re3 Rf1 46. Kc5 Rf5+ 47.
Kb4 Rf1 48. b3 axb3 49. a4 Rf5 50. axb5 b2 51. Rxb2 Rxb5+ 52. Ka3 Ra5+ 53. Kb4 Rb5+ 54. Kxc4 Rxb2 55. Kd5 f5 56. c4 Kf6 57. c5 Rd2+ 58.
Kc6 g5 59. Rc3 gxh4 60. gxh4 f4 61. Kb7 Rb2+ 62. Kc8 Ke5 63. c6 Ra2 64. Kb7 Rb2+ 65. Ka7 Ra2+ 66. Kb6 Rb2+ 67. Kc5 Rb8 68. c7 Rf8 69.
Kb6 Ke4 70. c8=Q Rxc8 71. Rxc8 f3 72. Rf8 Ke3 73. Rf5 f2 74. Kc5 Ke2 75. Re5+ Kf3 76.
Rxh5 Ke4 77. Kd6 f1=Q 78. Re5+ Kd4 79. Rg5 Qf4+ 80. Ke6 Qxh4 81. Kf5 Qe4+ 82. Kf6 Qf3+ 83. Rf5 Qc6+ 84. Kg5 Ke4 85. Rf4+ Ke3 86. Rf5 Qg2+ 87. Kf6 Qg3 88. Rd5 Ke4 89. Rd7 Qf4+ 90. Ke6 Qg4+ 91. Kd6 Qg6+ 92. Kc7 Ke5 93. Rd8 Qa6 94. Rd7 Qa7+ 95. Kc6 Qa6+ 96. Kc7 Qb5 97. Rd6 Qc5+ 98. Rc6 Qa7+ 99. Kd8 Kd5 100. Rc7 Qb8+ 101. Kd7 Qb5+ 102. Ke7 Qb6 103. Kd7 Qe6+ 104. Kd8 Qg8+ 105. Kd7 Qh7+ 106. Kc8 Qb1 107. Kd7 Qb5+ 108. Ke7 Qb6 109. Kd7 Qd6+ 110. Kc8 Qa6+ 111. Kd7 Qa4+ 112. Ke7 Qa3+ 113. Kd7 Qd6+ 114. Kc8 Qh6 115. Kd7 Qg7+ 116. Kc8 Qg5 117. Kd7 Qf5+ 118. Ke7 Qg5+ 119. Kd7 Qg4+ 120. Ke7 Qg3 121. Kd7 Ke5 122. Rc5+ Kd4 123. Rc7 Qg6 124. Rc6 Qf7+ 125. Kd6 Qe8 126. Kc7 Kd5 127. Rb6 Kc5 128. Kb7 Qd7+ 129. Ka6 Qc8+ 130. Ka7 Qc7+ 1/2-1/2

[Event "Late-Titled-Tuesday-Blitz-February-13-2024"]
[Site "Chess.com"]
[Date "2024.02.13"]
[Round "6"]
[White "Alblooshi_Hamad"]
[Black "koncheto"]
[Result "1-0"]
[WhiteElo "2263"]
[BlackElo "2474"]
[TimeControl "180+1"]
[EndTime "15:00:38 PST"]
[Termination "Alblooshi_Hamad won by checkmate"]

1. d4 Nf6 2. c4 e6 3. Nf3 c5 4. g3 cxd4 5. Nxd4 Nc6 6. Bg2 Be7 7.
O-O O-O 8. Nc3 a6 9. e4 Qc7 10. b3 b6 11. Bb2 Bb7 12. Re1 d6 13. Rc1 Nxd4 14. Qxd4 Rac8 15. Na4 Nd7 16. Qxg7# 1-0

[Event "Late-Titled-Tuesday-Blitz-February-13-2024"]
[Site "Chess.com"]
[Date "2024.02.13"]
[Round "6"]
[White "MKlose11"]
[Black "Sleepless_Knightmare"]
[Result "1-0"]
[WhiteElo "2656"]
[BlackElo "2308"]
[TimeControl "180+1"]
[EndTime "15:01:14 PST"]
[Termination "MKlose11 won by resignation"]

1. e4 c5 2. Nc3 e6 3. g3 a6 4. Bg2 b5 5. d3 Bb7 6. Nh3 Nc6 7. O-O h5 8. f4 h4 9. g4 b4 10. Ne2 d5 11. f5 dxe4 12. fxe6 fxe6 13. Ng5 exd3 14.
Rxf8+ Kxf8 15. Nxe6+ Ke7 16. Nxd8 dxe2 17. Nxc6+ 1-0

[Event "Late-Titled-Tuesday-Blitz-February-13-2024"]
[Site "Chess.com"]
[Date "2024.02.13"]
[Round "6"]
[White "JCVanDamme10"]
[Black "babero_gordo"]
[Result "1-0"]
[WhiteElo "2312"]
[BlackElo "2138"]
[TimeControl "180+1"]
[EndTime "15:01:32 PST"]
[Termination "JCVanDamme10 won by resignation"]

1. e4 c5 2. Nf3 e6 3. d4 cxd4 4. Nxd4 Nc6 5. Nc3 Qc7 6. Be3 a6 7. Bd3 Nf6 8. O-O Be7 9. h3 O-O 10. Nxc6 bxc6 11. f4 e5 12. fxe5 Qxe5 13. Bf4 Qd5 14.
exd5 1-0

[Event "Late-Titled-Tuesday-Blitz-February-13-2024"]
[Site "Chess.com"]
[Date "2024.02.13"]
[Round "6"]
[White "MolecularChemist"]
[Black "kids2010"]
[Result "0-1"]
[WhiteElo "2894"]
[BlackElo "2776"]
[TimeControl "180+1"]
[EndTime "15:01:38 PST"]
[Termination "kids2010 won by resignation"]

1. Nf3 Nf6 2. c4 c5 3. Nc3 Nc6 4. b3 g6 5. Bb2 Bg7 6. d4 cxd4 7. Nxd4 O-O 8. e3 d5 9. cxd5 Nxd4 10. Qxd4 Nxd5 11. Qd2 Nxc3 12. Bxc3 Qxd2+ 13. Kxd2 Rd8+ 14. Kc2 Bf5+ 15. Kb2 Rd2+ 0-1

[Event "Late-Titled-Tuesday-Blitz-February-13-2024"]
[Site "Chess.com"]
[Date "2024.02.13"]
[Round "6"]
[White "mishanick"]
[Black "PolandHussars"]
[Result "1-0"]
[WhiteElo "2963"]
[BlackElo "2624"]
[TimeControl "180+1"]
[EndTime "15:01:39 PST"]
[Termination "mishanick won by resignation"]

1. d4 Nf6 2. c4 c5 3. d5 e6 4. Nc3 exd5 5. cxd5 d6 6. e4 g6 7. Be2 Bg7 8. Be3 O-O 9. Nf3 Re8 10. Nd2 Nbd7 11. O-O a6 12. a4 Qc7 13. h3 b6 14.
Bf4 Ne5 15. Bh2 g5 16. f4 gxf4 17. Bxf4 Bd7 18. Qe1 Ng6 19. Bg5 Qd8 20. Qf2 Nxe4 21. Qxf7+ Kh8 22. Bxd8 1-0

[Event "Late-Titled-Tuesday-Blitz-February-13-2024"]
[Site "Chess.com"]
[Date "2024.02.13"]
[Round "6"]
[White "Kirill_Klukin"]
[Black "maxip32"]
[Result "1-0"]
[WhiteElo "2828"]
[BlackElo "2655"]
[TimeControl "180+1"]
[EndTime "15:02:26 PST"]
[Termination "Kirill_Klukin won by resignation"]

1. d4 e6 2. c3 d5 3. Nf3 c5 4. Bf4 cxd4 5. cxd4 Nc6 6. Nc3 a6 7. e3 Nf6 8. Bd3 Bd6 9. Bg5 h6 10. Bh4 Bd7 11. O-O b5 12. Rc1 Rc8 13. e4 dxe4 14.
Nxe4 Be7 15. Nc5 Qb6 16. Bxf6 Bxf6 17. Nxd7 Kxd7 18. d5 Ne5 19. dxe6+ Kxe6 20. Rxc8 Rxc8 21. Nxe5 Bxe5 22. Qg4+ 1-0

[Event "Late-Titled-Tuesday-Blitz-February-13-2024"]
[Site "Chess.com"]
[Date "2024.02.13"]
[Round "6"]
[White "2L8IWUN"]
[Black "FredddieCroderg"]
[Result "0-1"]
[WhiteElo "1979"]
[BlackElo "2282"]
[TimeControl "180+1"]
[EndTime "15:02:32 PST"]
[Termination "FredddieCroderg won by checkmate"]

1. d4 d5 2. Bf4 e6 3. e3 c5 4.
c3 Nf6 5. Nd2 Nc6 6. Ngf3 Bd6 7.
Bg3 O-O 8. Bd3 b6 9. Qe2 Bb7 10. Rd1 Rc8 11. e4 dxe4 12. Nxe4 Nxe4 13. Bxe4 Qc7 14. dxc5 bxc5 15. Bxd6 Qb6 16. Bxf8 Rxf8 17. Bxc6 Bxc6 18. O-O Bb5 19. c4 Bc6 20. b3 a5 21.
Ne5 Ba8 22. Nd7 Qb7 23. Nxf8 Qxg2# 0-1

[Event "Late-Titled-Tuesday-Blitz-February-13-2024"]
[Site "Chess.com"]
[Date "2024.02.13"]
[Round "6"]
[White "ATM622"]
[Black "DraningWaterHi"]
[Result "1-0"]
[WhiteElo "2483"]
[BlackElo "2219"]
[TimeControl "180+1"]
[EndTime "15:02:41 PST"]
[Termination "ATM622 won by resignation"]

1. d4 Nf6 2. c4 g6 3. g3 Bg7 4. Bg2 O-O 5. Nf3 d6 6. O-O Nc6 7. Nc3 a6 8. b3 Rb8 9. Bb2 b5 10. cxb5 axb5 11. Rc1 Bd7 12. Re1 Na5 13. e4 Ne8 14. e5 e6 15. Ne4 Nb7 16. Qd2 Qe7 17. Ba3 f5 18. exd6 cxd6 19. Neg5 h6 20. Nxe6 Bxe6 21. d5 Nc5 22. Bxc5 dxc5 23. Rxe6 Qf7 24. Ne5 Bxe5 25. Rxe5 Rc8 26. d6 Rd8 27. Bd5 1-0

[Event "Late-Titled-Tuesday-Blitz-February-13-2024"]
[Site "Chess.com"]
[Date "2024.02.13"]
[Round "6"]
[White "EvilMorty23"]
[Black "TheMagician"]
[Result "1-0"]
[WhiteElo "2516"]
[BlackElo "2223"]
[TimeControl "180+1"]
[EndTime "15:02:51 PST"]
[Termination "EvilMorty23 won by resignation"]

1. e4 c5 2. Nf3 Nc6 3. c3 e6 4. d4 d5 5. e5 Bd7 6. Bd3 cxd4 7. cxd4 Nb4 8. Be2 Rc8 9. Nc3 Ne7 10. O-O Nf5 11. a3 Nc6 12. b4 Ncxd4 13. Nxd4 Rxc3 14. Nxf5 exf5 15. Qxd5 Bc6 16. Qxd8+ Kxd8 17. Rd1+ Kc8 18. Bg5 f6 19. exf6 gxf6 20. Bxf6 Rg8 21.
Bxc3 1-0

[Event "Late-Titled-Tuesday-Blitz-February-13-2024"]
[Site "Chess.com"]
[Date "2024.02.13"]
[Round "6"]
[White "Korchmar_Vasiliy"]
[Black "viniciusrego"]
[Result "1-0"]
[WhiteElo "2763"]
[BlackElo "2392"]
[TimeControl "180+1"]
[EndTime "15:03:29 PST"]
[Termination "Korchmar_Vasiliy won by resignation"]

1. e4 c5 2. d4 cxd4 3. Qxd4 Nc6 4. Qd3 g6 5. Nc3 Bg7 6. Nf3 d6 7. Be2 Nf6 8. O-O O-O 9. Nd5 Nxd5 10. exd5 Bf5 11. Qd1 Nb4 12. c3 Nc2 13. g4 Be4 14.
Ng5 Nxa1 15. Nxe4 f5 16. gxf5 gxf5 17. Ng5 Qe8 18. Ne6 Rf6 19. Kh1 Rc8 20. Bg5 Rxe6 21. dxe6 Qg6 22. Rg1 Qxe6 23. Bf3 1-0

[Event "Late-Titled-Tuesday-Blitz-February-13-2024"]
[Site "Chess.com"]
[Date "2024.02.13"]
[Round "6"]
[White "Conejoviejo67"]
[Black "BabageldiAnnaberdiyev"]
[Result "1-0"]
[WhiteElo "2450"]
[BlackElo "2621"]
[TimeControl "180+1"]
[EndTime "15:03:30 PST"]
[Termination "Conejoviejo67 won by resignation"]

1. e4 e6 2. d3 d5 3. Nd2 Nf6 4. Ngf3 Nc6 5. g3 dxe4 6. dxe4 e5 7. Bg2 Bc5 8. h3 O-O 9. c3 a5 10. O-O Qe7 11. Qe2 b6 12. Rd1 Ba6 13. Qe1 Rfd8 14. Nh4 g6 15. Nb3 Bd6 16. Bg5 a4 17. Nd2 Bc5 18. Nf1 Qe6 19. Ne3 Rxd1 20. Rxd1 Ne8 21. Nd5 Be2 22. Qxe2 f6 23. Be3 Bf8 24. Bf1 Kg7 25.
Qg4 Qf7 26. Bb5 Na5 27. Bf1 Bd6 28. Nf5+ Kh8 29. Nh6 Qg7 30. Qe6 1-0

[Event "Late-Titled-Tuesday-Blitz-February-13-2024"]
[Site "Chess.com"]
[Date "2024.02.13"]
[Round "6"]
[White "baki83"]
[Black "GianmarcoVaR"]
[Result "1-0"]
[WhiteElo "2863"]
[BlackElo "2723"]
[TimeControl "180+1"]
[EndTime "15:03:39 PST"]
[Termination "baki83 won by resignation"]

1. e4 c5 2. Nf3 d6 3. Bb5+ Nd7 4. O-O a6 5. Bd3 Ngf6 6. Re1 b5 7. c3 Bb7 8. Bc2 c4 9. a4 e6 10. Na3 Nc5 11. axb5 axb5 12. Nd4 Be7 13. Ndxb5 Nfxe4 14. d4 cxd3 15. Bxd3 O-O 16. Bc2 d5 17. Be3 Bf6 18.
f3 Qe7 19. fxe4 dxe4 20. Qd6 Rfd8 21. Qxc5 1-0

[Event "Late-Titled-Tuesday-Blitz-February-13-2024"]
[Site "Chess.com"]
[Date "2024.02.13"]
[Round "6"]
[White "Bugcrusher"]
[Black "Hilary46"]
[Result "0-1"]
[WhiteElo "2469"]
[BlackElo "2621"]
[TimeControl "180+1"]
[EndTime "15:03:39 PST"]
[Termination "Hilary46 won by resignation"]

1. d4 Nf6 2. c4 e6 3. Nc3 Bb4 4. a3 Bxc3+ 5. bxc3 c5 6. f3 d6 7. e4 e5 8. Bg5 Nc6 9. Ne2 h6 10. Bh4 O-O 11. g4 cxd4 12. cxd4 exd4 13. Nxd4 Qa5+ 14. Ke2 Nxe4 15. fxe4 Bxg4+ 16. Nf3 Qh5 17. Bg2 Qxh4 18. Qxd6 Bxf3+ 19. Bxf3 Rad8 20. Qg3 Qf6 21. Rad1 Qb2+ 22. Ke3 Ne5 23. Rhg1 Nxc4+ 24. Kf4 Qe5+ 25.
Kg4 Ne3+ 26. Kh3 Qxg3+ 0-1

[Event "Late-Titled-Tuesday-Blitz-February-13-2024"]
[Site "Chess.com"]
[Date "2024.02.13"]
[Round "6"]
[White "PNEPaul"]
[Black "Misterfox120"]
[Result "0-1"]
[WhiteElo "1897"]
[BlackElo "2392"]
[TimeControl "180+1"]
[EndTime "15:03:42 PST"]
[Termination "Misterfox120 won by resignation"]

1. e4 c6 2. d4 d5 3. Nc3 dxe4 4.
Nxe4 Nf6 5. Ng3 h5 6. h4 c5 7.
N1e2 Nc6 8. c3 cxd4 9. Nxd4 Nxd4 10. cxd4 e6 11. Bb5+ Bd7 12. Bxd7+ Qxd7 13. O-O Bd6 14. Bg5 O-O-O 15. Rc1+ Kb8 16. Bxf6 gxf6 17. Ne4 Be7 18. Qf3 Qd5 19. Qf4+ Ka8 20. Nxf6 Qxd4 0-1

[Event "Late-Titled-Tuesday-Blitz-February-13-2024"]
[Site "Chess.com"]
[Date "2024.02.13"]
[Round "6"]
[White "ArchibaldCerveza29"]
[Black "Ready4abattle"]
[Result "1-0"]
[WhiteElo "2498"]
[BlackElo "2247"]
[TimeControl "180+1"]
[EndTime "15:04:00 PST"]
[Termination "ArchibaldCerveza29 won by resignation"]

1. e4 c5 2. Nf3 Nc6 3. d4 cxd4 4. Nxd4 e5 5. Nb5 d6 6. c4 Be7 7. N5c3 f5 8. Be2 Nf6 9. exf5 Bxf5 10. O-O O-O 11. Nd5 Nd4 12. Bd3 Nxd5 13. cxd5 Qe8 14. Nc3 Qg6 15. Bxf5 Rxf5 16. f4 Raf8 17. Be3 Rh5 18. Bxd4 exd4 19. Qxd4 Bd8 20. Qe4 Bb6+ 21. Kh1 Qh6 22. Qe6+ Qxe6 23. dxe6 Rf6 24. Rae1 Kf8 25. g4 Ra5 26. f5 g5 27. b4 Ra3 28. Nd5 Rh6 29. f6 1-0